 Dungeon Crawl Stone Soup version 0.26-a0-712-ga5a9c9c9d0 (webtiles) character file.

Game seed: 8236575162795625938

64 somkeydreadnuts the Digger (level 4, -5/24 HPs)
             Began as a Gargoyle Earth Elementalist on Oct 31, 2020.
             Killed by divine providence
             ... invoked by an orc priest
              (12 damage)
             ... on level 3 of the Dungeon.
             The game lasted 00:07:07 (2110 turns).

somkeydreadnuts the Digger (GrEE)                   Turns: 2110, Time: 00:07:08

Health: -5/24      AC:  6    Str: 12    XL:     4   Next: 12%
Magic:  1/7        EV: 12    Int: 16    God:
Gold:   119        SH:  0    Dex: 10    Spells: 6/7 levels left

rFire    x . .     SeeInvis .   d - +0 dagger
rCold    + . .     Faith    .   (no shield)
rNeg     + . .     Spirit   .   c - +1 robe
rPois    ∞         Reflect  .   (no helmet)
rElec    +         Harm     .   (no cloak)
rCorr    .         Rampage  .   (no gloves)
MR       .....                  (no boots)
Stlth    ++........             (no amulet)
HPRegen  0.08/turn              i - ring of ice
MPRegen  0.10/turn              (no ring)

@: no status effects
A: negative energy resistance 1, electricity resistance, unbreathing,
petrification resistance, rot immunity, AC +3
a: no special abilities


You were on level 3 of the Dungeon.
You visited 1 branch of the dungeon, and saw 3 of its levels.

You collected 119 gold pieces.

Inventory:

Hand Weapons
 d - a +0 dagger (weapon)
Missiles
 b - 9 stones (quivered)
Armour
 c - a +1 robe (worn)
Jewellery
 i - a ring of ice (left hand)
Scrolls
 a - 2 scrolls of identify
 e - a scroll of enchant armour
 k - a scroll of remove curse
 l - a scroll of teleportation {unknown}
Potions
 f - a potion of flight
 h - a potion of stabbing {unknown}


   Skills:
 - Level 0.1 Short Blades
 - Level 1.6 Dodging
 - Level 2.2 Stealth
 - Level 2.1 Spellcasting
   Level 0.7 Transmutations
 + Level 5.6 Earth Magic


You had 6 spell levels left.
You knew the following spells:

 Your Spells              Type           Power        Failure   Level
a - Sandblast             Erth           ###...       1%          1

Your spell library contained the following spells:

 Spells                   Type           Power        Failure   Level
 Passwall                 Tmut/Erth      ##......     9%          2
 Stone Arrow              Conj/Erth      ##....       19%         3
 Petrify                  Tmut/Erth      ##......     50%         4
 Lee's Rapid Deconstruct  Erth           ###.......   50%         5


Dungeon Overview and Level Annotations

Branches:
Dungeon (3/15)

Altars:


Innate Abilities, Weirdness & Mutations

You are resistant to torment.
Your stone body is resilient. (AC +3)
You are immune to poison.
You resist negative energy. (rN+)
You are resistant to electric shocks. (rElec)
You can survive without breathing.
You are immune to petrification.
You are immune to rotting.


Message History

Aiming: Sandblast (safe; 1% risk of failure)
Press: ? - help, Shift-Dir - straight line, f/p - orc priest
Aim: an orc priest, wielding a +0 war axe and wearing a +0 leather armour (heavily wounded)
The blast of sand hits the orc priest.
The orc priest is heavily wounded.
b - 10 stones The orc priest hits you with a +0 war axe.
* * * LOW HITPOINT WARNING * * *
Casting: Sandblast (safe; 1% risk of failure)
Confirm with . or Enter, or press ? or * to list all spells.
Aiming: Sandblast (safe; 1% risk of failure)
Press: ? - help, Shift-Dir - straight line, f/p - orc priest
Aim: an orc priest, wielding a +0 war axe and wearing a +0 leather armour (heavily wounded)
The blast of sand hits the orc priest but does no damage.
The orc priest is heavily wounded.
b - 9 stones The orc priest mumbles some strange prayers to Beogh against you.
Beogh smites you!
Ouch! That really hurt!
You die...

##########
#........+
#.##..####
#.#<..# #.#...#
###########.#...#
.....oo@....#...#
#############...#
#.... #.#.#.
#.#.#.#


You could see an orc priest and an orc wizard (fast).

Vanquished Creatures
  2 adders (D:2)
  An ooze (D:1)
  A worm (D:2)
  4 dart slugs
  A leopard gecko (D:1)
  2 orcs (D:3)
  A ball python (D:1)
  2 giant cockroaches
  4 goblins
  2 hobgoblins (D:2)
  2 bats
  2 frilled lizards (D:2)
  A kobold (D:1)
  6 rats
31 creatures vanquished.

Notes
Turn   | Place    | Note
-------+----------+-------------------------------------------
     0 | D:1      | somkeydreadnuts the Gargoyle Earth Elementalist began the
                  | quest for the Orb.
     0 | D:1      | Reached XP level 1. HP: 10/10 MP: 3/3
   148 | D:1      | Reached skill level 4 in Earth Magic
   148 | D:1      | Reached XP level 2. HP: 15/15 MP: 3/5
  1034 | D:2      | Reached XP level 3. HP: 19/19 MP: 4/6
  1100 | D:2      | Reached skill level 5 in Earth Magic
  1853 | D:2      | Reached XP level 4. HP: 15/24 MP: 7/7
  2110 | D:3      | Killed from afar by an orc priest

Illustrated notes

Levels and vault maps discovered:
D:1:      minmay_arrival_checkered_box, layout_basic
D:2:      layout_basic
D:3:      layout_basic, minitemple, chequers_ecumenical_altar_island,
          chequers_jeans

Skill      XL: |  1  2  3 |
---------------+----------+-----
Earth Magic    | 4 5 |  5.6
Short Blades   | |  0.1
Dodging        | |  1.6
Stealth        | |  2.2
Spellcasting   | |  2.1
Transmutations | |  0.7

Action                   |  1- 3 |  4- 6 || total
-------------------------+-------+-------++-------
Melee: Dagger            |    89 |       ||    89
 Cast: Sandblast         |    18 |     7 ||    25
  Use: Scroll            |     5 |       ||     5
 Stab: Sleeping          |     2 |       ||     2
Armor: Robe              |    22 |       ||    22
Dodge: Dodged            |    54 |     1 ||    55

Table legend: (Time is in decaauts)
 A = Elapsed time spent in this place.
 B = Non-inter-level travel time spent in this place.
 C = Inter-level travel time spent in this place.
 D = Time resting spent in this place.
 E = Time spent auto-exploring this place.
 F = Levels seen in this place.
 G = Mean time per level.
                   A        B        C        D        E       F      G
               +--------+--------+--------+--------+--------+-----+--------+
         Total |   2106 |   2106 |      0 |      0 |   1504 |   3 |  702.0 |
       Dungeon |   2106 |   2106 |      0 |      0 |   1504 |   3 |  702.0 |
               +--------+--------+--------+--------+--------+-----+--------+

Top non-repeatable levels by time:
     D:2: 1095 daAuts
     D:1: 982 daAuts
     D:3: 29 daAuts
